 Dungeon Crawl Stone Soup version 0.29-a0-321-gf1c400731a (webtiles) character file.

Game seed: 304772384045431867

54 kae the Firebug (level 3, -5/20 HPs)
             Began as a Tengu Fire Elementalist on Apr 4, 2022.
             Slain by an orc priest
             ... wielding a +0 mace
              (8 damage)
             ... on level 2 of the Dungeon.
             The game lasted 00:00:48 (1117 turns).

kae the Firebug (Tengu Fire Elementalist)           Turns: 1117, Time: 00:00:49

Health: -5/20      AC:  2    Str:  8    XL:     3   Next: 91%
Magic:  5/7        EV: 12    Int: 17    God:
Gold:   52         SH:  0    Dex: 14    Spells: 0/6 levels left

rFire   . . .      SeeInvis .   d - +4 whip (venom)
rCold   . . .      Faith    .   (no shield)
rNeg    . . .      Spirit   .   a - +0 robe
rPois   .          Reflect  .   (helmet restricted)
rElec   .          Harm     .   (no cloak)
rCorr   .          Rampage  .   (no gloves)
Will    .....                   (boots unavailable)
Stlth   ++........              (no amulet)
HPRegen 0.06/turn               (no ring)
MPRegen 0.10/turn               (no ring)

@: no status effects
A: beak, talons 3
a: no special abilities


You were on level 2 of the Dungeon.
You visited 1 branch of the dungeon, and saw 2 of its levels.

You collected 52 gold pieces.

Inventory:

Hand Weapons
 d - a +4 whip of venom (weapon)
Armour
 a - a +0 robe (worn)
Scrolls
 e - a scroll of immolation {unknown}
 h - a scroll of fog
Potions
 b - a potion of magic
 c - a potion of ambrosia
 g - a potion of mutation {unknown}


   Skills:
 + Level 1.1 Fighting
 + Level 1.1 Armour
 + Level 2.5 Dodging
 - Level 2.0 Stealth
 + Level 2.2 Spellcasting
 + Level 2.0 Conjurations
 * Level 4.0 Fire Magic


You couldn't memorise any spells.
You knew the following spells:

 Your Spells              Type           Power      Damage    Failure   Level
a - Foxfire               Conj/Fire      48%        2x1d6     5%          1
b - Scorch                Fire           30%        2d7       5%          2
c - Conjure Flame         Conj/Fire      12%        6-21      16%         3

Your spell library contained the following spells:

 Spells                   Type           Power      Damage    Failure   Level
 Inner Flame              Hex/Fire       8%         N/A       24%         3
 Flame Wave               Conj/Fire      12%        2d6       47%         4


Dungeon Overview and Level Annotations

Branches:
Dungeon (2/15)

Altars:


Innate Abilities, Weirdness & Mutations

You have a beak for a mouth.
You have claws for feet.


Message History

You are too injured to fight recklessly!
You are too injured to fight recklessly!
You are too injured to fight recklessly!
You are too injured to fight recklessly!
You are too injured to fight recklessly!
You are too injured to fight recklessly!
You are too injured to fight recklessly!
You are too injured to fight recklessly!
You are too injured to fight recklessly!
You are too injured to fight recklessly!
You are too injured to fight recklessly!
You are too injured to fight recklessly!
You are too injured to fight recklessly!
You are too injured to fight recklessly!
You are too injured to fight recklessly!
You are too injured to fight recklessly!
You are too injured to fight recklessly!
You are too injured to fight recklessly!
You are too injured to fight recklessly!
You are too injured to fight recklessly!
You are too injured to fight recklessly!
You are too injured to fight recklessly!
You are too injured to fight recklessly!
You are too injured to fight recklessly!
You are too injured to fight recklessly!
You are too injured to fight recklessly!
You are too injured to fight recklessly!
You are too injured to fight recklessly!
You are too injured to fight recklessly!
You are too injured to fight recklessly!
You are too injured to fight recklessly!
You are too injured to fight recklessly!
Casting: Foxfire (safe; 5% risk of failure)
Confirm with . or Enter, or press ? or * to list all spells.
Flames lash the hobgoblin.
You kill the hobgoblin!
The orc closely misses you. The orc priest hits you with a +0 mace.
* * * LOW HITPOINT WARNING * * *
The orc closely misses you. The orc priest hits you with a +0 mace!
You die...

######### ##.##
#<....... .#.. P##
♣.♣####♣♣ ...♣
♣.PP♣♣♣..##P†♣♣♣♣...
♣....♣P♣..PP♣.♣..
♣.♣♣.♣♣♣.♣♣♣♣.P.♣
♣..P.♣..PP♣♣.oo♣
♣.P♣♣♣.P..♣.♣)@.♣
♣P.P8...♣.♣.P♣♣..♣♣
......)..P♣..♣..♣...♣
..8.⌠.8.♣♣.....†♣......
♣......PP.P..♣.♣.P..♣.#
♣.P.8P♣.♣....♣§♣).♣♣♣ .
.♣P♣♣.♣♣♣.♣§§§P).♣
.♣... P..PP♣♣.P.♣ ..
♣..§.♣≈ §..♣


You could see an orc priest and an orc.

Vanquished Creatures
  An orc wizard (D:2)
  An orc (D:2)
  2 endoplasms (D:1)
  2 giant cockroaches (D:1)
  A goblin (D:1)
  2 hobgoblins
  2 jackals (D:1)
  4 quokkas
  2 ball pythons (D:1)
  2 bats (D:1)
  4 frilled lizards (D:1)
  2 kobolds (D:1)
  3 rats (D:1)
28 creatures vanquished.

Vanquished Creatures (others)
  25 foxfires (D:1)
  2 plants (D:2)
27 creatures vanquished.

Grand Total: 55 creatures vanquished

Notes
Turn   | Place    | Note
-------+----------+-------------------------------------------
     0 | D:1      | kae the Tengu Fire Elementalist began the quest for the
                  | Orb.
     0 | D:1      | Reached XP level 1. HP: 10/10 MP: 4/4
   260 | D:1      | Reached XP level 2. HP: 13/15 MP: 4/6
   966 | D:1      | Found a faded altar of an unknown god.
  1003 | D:1      | Reached XP level 3. HP: 20/20 MP: 7/7
  1006 | D:1      | Learned a level 2 spell: Scorch
  1010 | D:1      | Learned a level 3 spell: Conjure Flame
  1114 | D:2      | Reached skill level 1 in Fighting
  1114 | D:2      | Reached skill level 1 in Armour
  1114 | D:2      | Reached skill level 4 in Fire Magic
  1117 | D:2      | Slain by an orc priest

Illustrated notes

Levels and vault maps discovered:
D:1:      lightli_arrival_windingriver, layout_basic,
          ebering_ecumenical_altar_box
D:2:      wad_woods_tower, layout_basic, serial_shops, nicolae_square_shop,
          basic_altar, hex_large

Skill      XL: |  1  2  3 |
---------------+----------+-----
Fighting       | 1 |  1.1
Armour         | 1 |  1.1
Conjurations   | 2 |  2.0
Fire Magic     | 4 |  4.0
Dodging        | |  2.5
Stealth        | |  2.0
Spellcasting   | |  2.2

Action                   || total
-------------------------++-------
Melee: Whip              ||    41
       Kick              ||     5
       Peck              ||     5
 Cast: Foxfire           ||    14
       Scorch            ||     1
  Use: Scroll            ||     4
 Stab: Sleeping          ||     7
Armor: Robe              ||     4
Dodge: Dodged            ||    27

Table legend: (Time is in decaauts)
 A = Elapsed time spent in this place.
 B = Non-inter-level travel time spent in this place.
 C = Inter-level travel time spent in this place.
 D = Time resting spent in this place.
 E = Time spent auto-exploring this place.
 F = Levels seen in this place.
 G = Mean time per level.
                   A        B        C        D        E       F      G
               +--------+--------+--------+--------+--------+-----+--------+
         Total |   1121 |   1097 |     24 |      0 |    931 |   2 |  560.5 |
       Dungeon |   1121 |   1097 |     24 |      0 |    931 |   2 |  560.5 |
               +--------+--------+--------+--------+--------+-----+--------+

Top non-repeatable levels by time:
     D:1: 1085 daAuts
     D:2: 36 daAuts
